 Dungeon Crawl Stone Soup version 0.19-a0-1855-gb7442ac (webtiles) character file.

8 Huckle the Scratcher (level 2, -1/12 HPs)
             Began as a Felid Transmuter on Oct 12, 2016.
             Slain by a jackal (2 damage)
             ... on level 1 of the Dungeon.
             The game lasted 00:04:29 (726 turns).

Huckle the Scratcher (Felid Transmuter)              Turns: 726, Time: 00:04:30

Health: -1/12      AC:  1    Str:  6    XL:     2   Next: 0%
Magic:  5/6        EV: 18    Int: 14    God:
Gold:   19         SH:  0    Dex: 16    Spells: 1 memorised, 4 levels left
                                        Lives:  0   Deaths: 0

rFire  . . .     SeeInvis +       - Unarmed
rCold  . . .     Gourm    .     (armour unavailable)
rNeg   . . .     Faith    .     (shield unavailable)
rPois  .         Spirit   .     (helmet unavailable)
rElec  .         Dismiss  .     (cloak unavailable)
rCorr  .         Reflect  .     (gloves unavailable)
MR     .....     Harm     .     (boots unavailable)
Stlth  +.........               (no amulet)
                                (no ring)
                                (no ring)

@: appendage, flying, invisible, quick
A: no armour, no weapons or thrown items, stealth, claws 1, fangs 3, horns 2,
see invisible, carnivore 3, speed 1, shaggy fur 1, slow metabolism 1, sharp paws
a: End Transformation


You were on level 1 of the Dungeon.
You were very full.
You had grown temporary horns.
You visited 1 branch of the dungeon, and saw 1 of its levels.

You collected 19 gold pieces.

Inventory:

Missiles
 a - 12 arrows
Scrolls
 d - a scroll of identify {unknown}
 f - a scroll of remove curse {unknown}
 g - a scroll of recharging {unknown}
Potions
 i - a potion of mutation {unknown}
Books
 b - a book of Changes

   Spells                             Type                      Level
   a - Beastly Appendage              Transmutation                1
   b - Sticks to Snakes               Transmutation                2
   c - Spider Form                    Transmutation/Poison         3
   d - Ice Form                       Ice/Transmutation            4
   e - Blade Hands                    Transmutation                5
Comestibles
 c - a meat ration


   Skills:
 - Level 1.0 Fighting
 - Level 2.6 Dodging
 - Level 3.0 Unarmed Combat
 + Level 2.2 Spellcasting
 + Level 2.6 Transmutations


You had 4 spell levels left.
You knew the following spells:

 Your Spells              Type           Power        Failure   Level  Hunger
a - Beastly Appendage     Tmut           #.....       10%         1    #......


Dungeon Overview and Level Annotations

Branches:
Dungeon (1/15)

Altars:


Innate Abilities, Weirdness & Mutations

You cannot wear armour.
You are incapable of wielding weapons or throwing items.
Your paws allow you to move quietly. (Stealth)
You have sharp claws.
You have razor-sharp teeth.
You have supernaturally acute eyesight. (SInv)
You are carnivorous and can eat meat at any time.
You cover ground quickly.
You are covered in fur. (AC +1)
You have a slow metabolism.
Your sharp claws are effective at attacking unaware monsters.
You have a pair of horns on your head.


Message History

The jackal completely misses you. The bat completely misses you.
You closely miss the jackal.
The jackal is almost dead.
The bat closely misses you. The jackal completely misses you.
The jackal bites you.
You barely miss the jackal. Your headbutt misses the jackal.
The jackal is almost dead.
The goblin hits you with a dagger.
* * * LOW HITPOINT WARNING * * *
The jackal misses you.
Unknown command.
It was a potion of flight.
You feel very buoyant.
You fly up into the air.
The jackal bites you.
* * * LOW HITPOINT WARNING * * *
The goblin barely misses you.
It was a potion of invisibility.
You fade into invisibility!
The jackal bites you.
You die... ###..# ###..# .....######## ### ####......... ..# .###..######## #.# .............. .hK

.##........###.#h#
###........# #.#h#
.##....[...###.#@#
.##............#g#
..#.............b#
#.#..............#
#.#..............#
....†............#######
#..######............g..
##.## #.......########
#..# #..........#


You could see 3 jackals, a goblin, a bat and a kobold.

Vanquished Creatures
  A goblin (D:1)
  A hobgoblin (D:1)
  3 bats (D:1)
  2 frilled lizards (D:1)
  A kobold (D:1)
  2 rats (D:1)
10 creatures vanquished.

Notes
Turn   | Place    | Note
-------+----------+-------------------------------------------
     0 | D:1      | Huckle the Felid Transmuter began the quest for the Orb.
     0 | D:1      | Reached XP level 1. HP: 9/9 MP: 4/4
   628 | D:1      | Reached XP level 2. HP: 11/12 MP: 6/6
   726 | D:1      | Slain by a jackal

Vault maps used:
D:1:      eino_arrival_water_cross

Action                   || total
-------------------------++-------
Melee: Unarmed           ||    26
       Bite              ||     4
       Headbutt          ||     1
 Cast: Beastly Appendage ||     5
 Abil: End Transformatio ||     1
  Use: Potion            ||     2
 Stab: Sleeping          ||     3
  Eat: Chunk             ||     6
Armor: Skin              ||     7
Dodge: Dodged            ||    32
